AoeStats
← Silent

Arabia

505704227Analyzed
1v1 RM · 22d ago on Sep 10, 2026· 14m 45s· 2 players
Game mode
Random Map
Map size
Tiny (2 player)
Population
200
Speed
Normal
Resources
Standard
Victory
Conquest
Starting age
Dark Age
Ending age
Imperial Age
RankedLock teamsTeams togetherTeam positionsShared explorationLock speedFull tech treeHidden civsTurbo modeCheats
Victory
Defeat
🇦🇪 Malians · United Arab Emirates
1975
+23
🇩🇪 Malay · Germany
2130
-23
Silent
6:18 Loom
6:49 Loom
9:13 Feudal Age
9:59 Man-at-Arms
12:38 Fletching
Andi
7:20 Loom
10:27 Feudal Age
10:35 Horse Collar
14:33 Gold Mining
14:55 Fletching
Connection lost

Rejoining the realm…

Still unreachable

The connection could not be restored.

Session expired

The server has moved on; the page needs a fresh start.